 Dungeon Crawl Stone Soup version 0.26-a0-504-g0cf647090d (webtiles) character file.

Game seed: 3617032034385288667

133928 KristoblXynda the Nimble (level 16, -4/122 HPs)
             Began as a Vampire Gladiator on Aug 8, 2020.
             Was the Champion of Ashenzari.
             Killed from afar by a lindwurm (23 damage)
             ... with a blast of flame
             ... on level 4 of the Swamp.
             The game lasted 01:09:08 (34508 turns).

KristoblXynda the Nimble (Vampire Gladiator)       Turns: 34508, Time: 01:09:09

Health: -4/122     AC: 22    Str: 20    XL:     16   Next: 61%
Magic:  20/22      EV: 26    Int: 26    God:    Ashenzari [******]
Gold:   2326       SH: 14    Dex: 21    Spells: 16/23 levels left

rFire    . . .     SeeInvis +   i - +4 scimitar (flame) (curse)
rCold    . . .     Faith    .   G - +3 buckler {rF+}
rNeg     . . .     Spirit   .   w - +4 swamp dragon scales
rPois    +         Reflect  +   N - +1 helmet of Claustrophobia {rElec Int+3 Stlth-} (curse)
rElec    +         Harm     .   (no cloak)
rCorr    .         Clarity  +   g - +2 pair of gloves {Str+3} (curse)
MR       +....                  C - +0 pair of boots of Rideb {+Inv rF- Str+3 Stlth+} (curse)
Stlth    +++++.....             U - amulet of reflection (curse)
HPRegen  0.50/turn              F - +6 ring of intelligence (curse)
MPRegen  0.18/turn              c - +6 ring of dexterity

@: regenerating quickly
A: fangs 3, see invisible, unbreathing
a: Exsanguinate, Curse Item, Scrying, Transfer Knowledge, Renounce Religion,
Evoke Invisibility


You were on level 4 of the Swamp.
You worshipped Ashenzari.
Ashenzari was exalted by your worship.
You visited 5 branches of the dungeon, and saw 28 of its levels.
You also visited: Ossuary and Gauntlet.

You collected 2709 gold pieces.
You spent 383 gold pieces at shops.

Inventory:

Hand Weapons
 i - a cursed +4 scimitar of flaming (weapon)
 P - a +4 vorpal scimitar
Missiles
 d - 3 throwing nets (quivered)
Armour
 g - a cursed +2 pair of gloves of strength (worn)
 w - +4 swamp dragon scales (worn)
 C - the cursed +0 pair of boots of Rideb (worn) {+Inv rF- Str+3 Stlth+}
   (You found it on level 11 of the Dungeon)

   It affects your strength (+3).
   It makes you vulnerable to fire.
   It lets you turn invisible.
   It makes you more stealthy.
   It has a curse placed upon it.
 G - a +3 buckler of fire resistance (worn)
 N - the cursed +1 helmet of Claustrophobia (worn) {rElec Int+3 Stlth-}
   (You bought it in a shop on level 2 of the Orcish Mines)

   It affects your intelligence (+3).
   It insulates you from electricity.
   It makes you less stealthy.
   It has a curse placed upon it.
 T - a +0 kite shield of reflection
Jewellery
 c - a +6 ring of dexterity (right hand)
 F - a cursed +6 ring of intelligence (left hand)
 L - a +4 ring of evasion
 U - a cursed amulet of reflection (around neck)
 V - an uncursed ring of positive energy
Wands
 m - a wand of acid (7)
 x - a wand of disintegration (49)
 y - a wand of digging (7)
Scrolls
 a - a scroll of brand weapon
 f - 3 scrolls of immolation
 k - 12 scrolls of amnesia
 n - 2 scrolls of fear
 o - 8 scrolls of teleportation
 p - 2 scrolls of magic mapping
 A - 3 scrolls of remove curse
 D - 2 scrolls of silence
 I - a scroll of blinking
 K - 3 scrolls of fog
 M - 9 scrolls of identify
 O - a scroll of summoning
 S - a scroll of enchant armour
Potions
 b - 5 potions of ambrosia
 e - 2 potions of magic
 j - 5 potions of lignification
 l - 2 potions of cancellation
 q - 3 potions of brilliance
 s - 2 potions of resistance
 t - 4 potions of flight
 u - a potion of berserk rage
 v - 6 potions of curing
 z - 4 potions of stabbing
 B - 2 potions of mutation
 E - 2 potions of haste
 J - 4 potions of might
 R - a potion of invisibility
Miscellaneous
 h - a phial of floods
 r - a box of beasts (2/3)
 Q - a lightning rod (4/4)


   Skills:
 - Level 10.0 Fighting
 - Level 13.9(18.0) Long Blades
 - Level 2.0 Throwing
 - Level 10.0(12.8) Armour
 + Level 14.8(17.4) Dodging
 + Level 11.3 Stealth
 - Level 4.6 Shields
 + Level 4.0 Spellcasting
 - Level 10.6(13.4) Hexes
 + Level 7.4(10.5) Transmutations
 - Level 10.0(12.8) Evocations


You had 16 spell levels left.
You knew the following spells:

 Your Spells              Type           Power        Failure   Level
a - Tukima's Dance        Hex            ######..     1%          3
b - Petrify               Tmut/Erth      ####....     13%         4

Your spell library contained the following spells:

 Spells                   Type           Power        Failure   Level
 Corona                   Hex            ######.      1%          1
 Sting                    Tmut/Pois      ####         1%          1
 Ensorcelled Hibernation  Hex/Ice        #####.       1%          2
 Passwall                 Tmut/Erth      ####....     1%          2
 Slow                     Hex            ######..     1%          2
 Confusing Touch          Hex            ######..     1%          3
 Dazzling Flash           Conj/Hex       #####.       2%          3
 Summon Guardian Golem    Hex/Summ       #####...     2%          3
 Fulminant Prism          Conj/Hex       #####.....   7%          4
 Ignite Poison            Fire/Tmut/Pois ###.....     8%          3
 Animate Skeleton         Necr           #.....       11%         1
 Freeze                   Ice            #...         11%         1
 Magic Dart               Conj           #...         11%         1
 Pain                     Necr           #...         11%         1
 Sandblast                Erth           #.....       11%         1
 Summon Small Mammal      Summ           #...         11%         1
 Blink                    Tloc           N/A          16%         2
 Call Imp                 Summ           #.......     16%         2
 Poisonous Vapours        Pois/Air       #.....       16%         2
 Searing Ray              Conj           #.....       16%         2
 Summon Mana Viper        Hex/Summ       #####...     21%         5
 Call Canine Familiar     Summ           #.......     30%         3
 Frozen Ramparts          Ice            #.....       30%         3
 Ozocubu's Armour         Ice            #.......     30%         3
 Stone Arrow              Conj/Erth      #.....       30%         3
 Conjure Flame            Conj/Fire      #.......     32%         3
 Mephitic Cloud           Conj/Pois/Air  #.......     32%         3
 Vampiric Draining        Necr           #.........   32%         3
 Animate Dead             Necr           #.........   71%         4
 Hailstorm                Conj/Ice       #.......     71%         4
 Iskenderun's Mystic Bla  Conj/Tloc      #.......     71%         4
 Olgreb's Toxic Radiance  Pois           #.......     71%         4
 Summon Ice Beast         Ice/Summ       #.......     71%         4
 Summon Lightning Spire   Summ/Air       #.......     71%         4
 Agony                    Necr           #.......     96%         5
 Lee's Rapid Deconstruct  Erth           #.........   96%         5
 Summon Demon             Summ           #.........   96%         5
 Summon Forest            Summ/Tloc      #.........   96%         5
 Shadow Creatures         Summ           N/A          100%        6
 Summon Hydra             Summ           #.........   100%        7


Dungeon Overview and Level Annotations

Branches:
Dungeon (15/15)            Temple (1/1) D:4            Lair (6/6) D:8
  Swamp (4/4) Lair:2        Snake (0/4) Lair:4        Slime (0/5) Lair:5
    Orc (2/2) D:10            Elf (0/3) Orc:2        Vaults (0/5) D:14
 Depths (0/5) D:15        Ossuary (visited)         Gauntlet (visited)

Altars:
Ashenzari
Cheibriados
Dithmenos
Elyvilon
Fedhas
Gozag
Hepliaklqana
Kikubaaqudgha
Makhleb
Nemelex Xobeh
Okawaru
Qazlal
Ru
Sif Muna
Trog
Uskayaw
Vehumet
Wu Jian
Xom
Yredelemnul
Zin
The Shining One

Shops:
D:4 [   D:5 [   D:12 (   Orc:2 :(*[

Annotations:
D:5 2 transporters
Lair:5 exclusion: 2 oklob plants


Innate Abilities, Weirdness & Mutations

Your natural rate of healing is unusually fast.
You have razor-sharp teeth.
You have supernaturally acute eyesight. (SInv)
You can survive without breathing.


Message History

Unknown command.
The swamp dragon breathes poison at you.
The blast of poison misses you.
Your mature fireweird beast is engulfed in poison gas.
Your mature fireweird beast looks as sick as possible!
Your mature fireweird beast dies!
Your mature fireweird beast's corpse disappears in a puff of smoke!
The swamp dragon breathes poison at you.
The blast of poison misses you.
Evoke which item? (* to show all) (? for menu, Esc to quit)
Press: ? - help, Shift-Dir - straight line, f - swamp dragon
Aim: a swamp dragon (almost dead, catching its breath, chance to defeat MR: 84%)
The swamp dragon is blasted!!
You blow up the swamp dragon!
You hear a splash.
The uncursed swamp dragon scales are intact enough to wear.
The swamp dragon is no longer covered in acid.
The lindwurm breathes flames at you. The blast of flame hits you!!
You die...

♣♣♣♣♣♣♣♣♣♣♣♣♣♣♣♣♣
♣≈...≈≈†...≈♣.≈.♣
♣≈..≈≈≈≈..≈≈.§≈.♣
♣♣♣♣♣÷≈≈≈≈.§§○§..≈♣
♣♣♣♣♣≈.≈.[≈≈.≈♣♣@☼☼...♣♣
...≈..≈.≈≈≈.♣♣♣♣○☼§..≈≈♣
≈......≈≈≈≈.≈♣ ♣°☼☼.≈≈≈♣ *
≈{≈≈...≈≈≈..♣♣ ♣○○D.≈..♣
*≈≈* * ≈≈≈≈≈§≈≈≈≈..≈♣
♣♣§§D≈≈.♣♣♣*≈, ,,*
≈≈≈≈≈≈≈≈≈D≈≈♣♣ ♣k§≈≈≈≈§..
≈≈≈ ≈≈≈≈≈<.≈≈≈≈♣♣
♣..≈≈≈.≈≈≈. ,≈ ≈
≈.≈...≈≈≈...♣♣♣♣♣♣.≈≈≈≈≈≈≈≈
*
.≈§§.§≈≈≈≈≈..≈♣..♣.≈§≈≈≈≈≈≈
* *


You could see 2 swamp dragons and a lindwurm (catching breath).

Vanquished Creatures
  Bai Suzhen (Swamp:3)
  Donald (Swamp:3)
  Kirke (D:14)
  An orc warlord (Orc:2)
  Azrael (D:14)
  4 dire elephants (Lair:6)
  A minotaur (Gauntlet)
  A fire dragon (D:14)
  Josephine (Lair:5)
  A great orb of eyes (D:13)
  A rakshasa (D:15)
  Fannar (D:11)
  A shambling mangrove (Swamp:1)
  21 hydras
  An anaconda (Lair:6)
  9 two-headed ogres
  5 centaur warriors
  7 alligators
  2 ogre magi
  3 death yaks (Lair:2)
  2 tengu warriors (D:12)
  The ghost of Deudwume the Knight, a novice DsFi of Okawaru (D:13)
  Urug (Lair:2)
  3 orc high priests (Orc:2)
  Sonja (D:12)
  A skeletal warrior (D:14)
  6 swamp dragons
  An unseen horror (D:12)
  A spriggan druid (Swamp:4)
  4 orc knights
  A lindwurm (Swamp:4)
  2 wolf spiders (Orc:1)
  3 orc sorcerers
  A wolf spider zombie (D:14)
  2 cyclopes
  A deep elf mage (D:12)
  2 manticores
  12 slime creatures
  10 elephants
  12 ugly things
  An apocalypse crab (Gauntlet)
  Joseph (D:9)
  3 black mambas
  10 cane toads
  A gargoyle (D:12)
  Maggie (D:6)
  A rime drake (shapeshifter) (D:15)
  A rime drake (Lair:2)
  A freezing wraith (D:15)
  8 komodo dragons
  2 efreet
  A yaktaur (shapeshifter) (D:15)
  An ice devil (Gauntlet)
  A tengu conjurer (D:14)
  A queen bee (Lair:2)
  A hornet (shapeshifter) (D:15)
  10 tyrant leeches
  A polar bear (Lair:6)
  9 trolls
  26 blink frogs
  4 hornets (Swamp:1)
  14 hippogriffs
  A dream sheep (shapeshifter) (D:13)
  A bog body (Swamp:1)
  7 shadows
  A spriggan (Swamp:1)
  6 wraiths
  A redback (D:13)
  A hog (shapeshifter) (D:15)
  2 tarantellas (Orc:1)
  2 wyverns
  A vampire (D:14)
  A fire elemental (D:14)
  33 yaks
  7 basilisks
  6 vampire mosquitoes
  4 nagas (Lair:4)
  14 swamp worms
  4 wargs
  10 insubstantial wisps
  Menkaure (D:4)
  An acid dragon (D:15)
  19 water moccasins
  Duvessa (D:6)
  5 hell hounds (D:14)
  24 orc warriors
  13 porcupines
  6 ice beasts
  6 sky beasts
  8 swamp drakes
  A black bear (D:12)
  2 eyes of draining
  2 necrophages
  4 phantoms
  4 boggarts (D:15)
  27 centaurs
  18 ogres
  11 wolves
  5 crocodiles
  A big kobold (D:11)
  15 bullfrogs
  Dowan (D:6)
  A wyvern zombie (D:12)
  4 scorpions
  2 wyvern skeletons
  39 killer bees
  16 wights
  6 howler monkeys
  2 bullfrog zombies
  7 centaur zombies
  A quasit (D:11)
  6 hounds
  3 jellies
  2 gnoll shamans
  7 centaur skeletons
  19 orc priests
  23 orc wizards
  8 iguanas
  Natasha (thrice) (D:3)
  11 worker ants
  A killer bee zombie (D:10)
  3 hound skeletons
  Robin (D:4)
  19 gnolls
  8 adders
  2 shadow imps
  5 white imps
  2 ufetubi
  An ooze (D:1)
  2 adder zombies (Ossuary)
  3 worms
  A dart slug (D:3)
  3 leopard geckos
  92 orcs
  7 bats
  11 giant cockroaches
  15 goblins
  8 hobgoblins
  4 jackals
  11 kobolds
  A quokka (D:5)
  A ball python (D:3)
  A ball python skeleton (Ossuary)
  6 frilled lizards
  2 hobgoblin skeletons (Ossuary)
  A hobgoblin zombie (Ossuary)
  2 orc zombies (Ossuary)
  A quokka skeleton (D:4)
  5 rats
  A fungus (Orc:2)
  2 plants (Lair:6)
889 creatures vanquished.

Vanquished Creatures (collateral kills)
  2 orc high priests (Orc:2)
  A bog body (Swamp:3)
  4 orc warriors
  An orc priest (Orc:2)
8 creatures vanquished.

Vanquished Creatures (others)
  A spriggan druid (Swamp:4)
  2 dancing weapons (Orc:2)
  5 humans (D:14)
  An iguana (Lair:2)
  26 fungi
  13 plants
48 creatures vanquished.

Grand Total: 945 creatures vanquished

Notes
Turn   | Place    | Note
-------+----------+-------------------------------------------
     0 | D:1      | KristoblXynda the Vampire Gladiator began the quest for the
                  | Orb.
     0 | D:1      | Reached XP level 1. HP: 16/16 MP: 1/1
   197 | D:1      | Reached XP level 2. HP: 22/22 MP: 2/2
   551 | D:1      | Reached XP level 3. HP: 27/27 MP: 3/3
  1135 | D:2      | Found a faded altar of an unknown god.
  1601 | D:2      | Reached skill level 1 in Stealth
  1803 | D:3      | Noticed a scorpion
  1804 | D:3      | Noticed Natasha
  1814 | D:2      | Killed a scorpion
  1814 | D:2      | Reached skill level 4 in Dodging
  1814 | D:2      | Reached XP level 4. HP: 31/34 MP: 4/4
  1917 | D:3      | Found a shimmering altar of Xom.
  2079 | D:3      | Killed Natasha
  2079 | D:3      | Reached XP level 5. HP: 40/40 MP: 5/5
  2125 | D:3      | Noticed Natasha
  2139 | D:3      | Killed Natasha
  2267 | D:3      | Noticed Natasha
  2273 | D:3      | Killed Natasha
  2373 | D:3      | Reached XP level 6. HP: 28/47 MP: 6/6
  2799 | D:4      | Noticed Menkaure
  2889 | D:4      | Found a staircase to the Ecumenical Temple.
  2899 | Temple   | Entered the Ecumenical Temple
  3178 | D:4      | Found Bijyoj's Antique Armour Shoppe.
  3179 | D:4      | Noticed Robin
  3218 | D:4      | Killed Robin
  3222 | D:4      | Reached skill level 5 in Dodging
  3236 | D:4      | Bought a pair of runed gloves for 127 gold pieces
  3295 | D:4      | Reached skill level 1 in Armour
  3493 | D:4      | Killed Menkaure
  3493 | D:4      | Reached skill level 5 in Stealth
  3493 | D:4      | Reached XP level 7. HP: 52/52 MP: 7/7
  3834 | D:5      | Entered Level 5 of the Dungeon
  3946 | D:5      | Found a transporter.
  3946 | D:5      | Found a transporter.
  3947 | D:5      | Noticed a five-headed hydra
  3951 | D:5      | Found a white marble altar of Elyvilon.
  3951 | D:5      | Found an ancient bone altar of Kikubaaqudgha.
  4165 | D:5      | Reached skill level 5 in Long Blades
  4342 | D:5      | Found Keipriull's Antique Armour Shop.
  4637 | D:5      | Reached skill level 6 in Dodging
  4649 | D:5      | Found a sacrificial altar of Ru.
  4649 | D:5      | Found a shimmering blue altar of Sif Muna.
  4916 | D:5      | Reached XP level 8. HP: 34/58 MP: 8/8
  5266 | D:6      | Noticed Maggie
  5290 | D:6      | Killed Maggie
  5597 | D:6      | Noticed Duvessa
  5598 | D:6      | Noticed Dowan
  5624 | D:6      | Killed Duvessa
  5639 | D:6      | Killed Dowan
  5753 | D:6      | Reached skill level 7 in Dodging
  5834 | D:6      | Reached XP level 9. HP: 28/64 MP: 9/9
  7603 | D:7      | Reached skill level 8 in Dodging
  7603 | D:7      | Reached skill level 10 in Stealth
  7798 | D:8      | Found a shattered altar of Ashenzari.
  7801 | D:8      | Became a worshipper of Ashenzari the Shackled
  7806 | D:8      | Noticed a two-headed ogre
  7822 | D:8      | Killed a two-headed ogre
  7822 | D:8      | Reached skill level 5 in Armour
  7830 | D:8      | Reached XP level 10. HP: 69/70 MP: 10/10
  7849 | D:8      | Found a sand-covered staircase.
  7868 | Ossuary  | Entered an ossuary
  8143 | Ossuary  | Learned a level 3 spell: Tukima's Dance
  8285 | D:8      | Reached skill level 1 in Hexes
  8391 | D:8      | Found a staircase to the Lair.
  8413 | D:8      | Reached skill level 9 in Dodging
  9258 | D:9      | Noticed Joseph
  9273 | D:9      | Killed Joseph
  9690 | D:9      | Reached * piety under Ashenzari
 10142 | D:10     | Entered Level 10 of the Dungeon
 10481 | D:10     | Found a staircase to the Orcish Mines.
 10538 | D:10     | Reached XP level 11. HP: 76/76 MP: 11/11
 10761 | D:10     | Found the ring of the Octopus King {MP+9 AC+1 EV+1 Str+1
                  | Int+1 Dex+1}
 10761 | D:10     | Found the ring of the Octopus King {MP+9 AC+1 EV+1 Str+1
                  | Int+1 Dex+1}
 10779 | D:10     | Reached skill level 10 in Dodging
 11096 | D:11     | Noticed a four-headed hydra
 11104 | D:11     | Killed a one-headed hydra
 11163 | D:11     | Noticed Fannar
 11191 | D:11     | Killed Fannar
 11191 | D:11     | Reached skill level 1 in Shields
 11517 | D:11     | Got the cursed pair of boots of Rideb {+Inv rF- Str+3
                  | Stlth+}
 11537 | D:11     | Noticed a brown ugly thing
 11562 | D:11     | Killed a brown ugly thing
 11562 | D:11     | Reached skill level 10 in Long Blades
 11721 | D:11     | Reached skill level 1 in Evocations
 12105 | D:11     | Noticed a seven-headed hydra
 12115 | D:11     | Killed a two-headed hydra
 12115 | D:11     | Reached skill level 5 in Fighting
 12201 | D:11     | Noticed a two-headed ogre
 12221 | D:11     | Killed a two-headed ogre
 12780 | D:12     | Noticed an unseen horror
 12877 | D:12     | Killed an unseen horror
 12927 | D:12     | Noticed a tengu warrior
 12931 | D:12     | Noticed a tengu warrior
 12963 | D:12     | Killed a tengu warrior
 12963 | D:12     | Reached XP level 12. HP: 61/86 MP: 12/12
 12975 | D:12     | Killed a tengu warrior
 12975 | D:12     | Reached skill level 5 in Hexes
 13096 | D:12     | Found Wascheurph's Weapon Emporium.
 13798 | D:12     | Noticed Sonja
 13804 | D:12     | Killed Sonja
 13904 | D:13     | Found a runed translucent gate.
 13905 | D:13     | Found a runed translucent gate.
 13906 | D:13     | Found a runed translucent gate.
 13906 | D:13     | Noticed an 11-headed hydra
 13907 | D:13     | Noticed Deudwume's ghost (novice DsFi)
 13908 | D:13     | Noticed an 11-headed hydra
 13908 | D:13     | Noticed a centaur warrior
 13926 | D:13     | Killed a centaur warrior
 13926 | D:13     | Reached skill level 5 in Evocations
 13941 | D:13     | Noticed a centaur warrior
 13952 | D:13     | Killed a centaur warrior
 14104 | D:13     | Reached ** piety under Ashenzari
 14401 | D:13     | Identified the +6 scimitar of Diddej {protect, Str+2}
 14402 | D:13     | Noticed a great orb of eyes
 14419 | D:13     | Killed a great orb of eyes
 14725 | D:13     | Noticed a two-headed ogre
 14735 | D:13     | Killed a two-headed ogre
 15659 | D:13     | Identified the +8 scimitar of Evisceration {elec, Dex+4}
 15788 | D:14     | Noticed a centaur warrior
 15803 | D:14     | Killed a centaur warrior
 15803 | D:14     | Reached XP level 13. HP: 84/92 MP: 13/13
 16496 | D:14     | Noticed a fire dragon
 16522 | D:14     | Killed a fire dragon
 16815 | D:14     | Reached *** piety under Ashenzari
 16900 | D:14     | Noticed Azrael
 16904 | D:14     | Noticed Kirke
 16921 | D:14     | Killed Kirke
 16926 | D:14     | Killed Azrael
 17489 | D:14     | Reached skill level 11 in Dodging
 17617 | D:14     | Found a gate to the Vaults.
 18133 | D:15     | Entered Level 15 of the Dungeon
 18513 | D:15     | Reached skill level 10 in Armour
 18877 | D:15     | Reached XP level 14. HP: 100/100 MP: 14/14
 18884 | D:15     | Found a staircase to the Depths.
 19151 | D:13     | Killed Deudwume's ghost
 19605 | Lair:1   | Entered Level 1 of the Lair of Beasts
 19623 | Lair:1   | Identified the cursed +0 pair of boots of Rideb {+Inv rF-
                  | Str+3 Stlth+} (You found it on level 11 of the Dungeon)
 19664 | Lair:1   | Identified the cursed +0 halberd "Jixyt" {venom, rPois MP+9
                  | Int+6 Dex-5}
 20446 | Lair:2   | Noticed Urug
 20458 | Lair:2   | Killed Urug
 20581 | Lair:2   | Reached skill level 12 in Dodging
 20652 | Lair:2   | Reached **** piety under Ashenzari
 20879 | Lair:2   | HP: 1/103 [death yak (13)]
 21328 | Lair:2   | Found a staircase to the Swamp.
 21525 | Lair:2   | Reached skill level 10 in Hexes
 22425 | Lair:3   | Reached ***** piety under Ashenzari
 22678 | Lair:4   | Found a staircase to the Snake Pit.
 23823 | Lair:5   | Noticed Josephine
 23852 | Lair:5   | Killed Josephine
 24469 | Lair:6   | Entered Level 6 of the Lair of Beasts
 24475 | Lair:6   | Reached XP level 15. HP: 110/110 MP: 15/15
 24497 | Lair:6   | Reached skill level 13 in Dodging
 24584 | Lair:6   | Found a gate leading to a gauntlet.
 24602 | Lair:6   | Identified a scroll of acquirement
 24627 | Gauntlet | Entered a Gauntlet
 24627 | Gauntlet | Found a transporter.
 24627 | Gauntlet | Found a transporter.
 24630 | Gauntlet | Found a transporter.
 24633 | Gauntlet | Found a transporter.
 24633 | Gauntlet | Found a transporter.
 24674 | Gauntlet | Found a transporter.
 24674 | Gauntlet | Found a transporter.
 24676 | Gauntlet | Found a transporter.
 24685 | Gauntlet | Found a transporter.
 24700 | Gauntlet | Identified the ring "Zuateita" {*Tele SInv}
 24700 | Gauntlet | Found a runed translucent gate.
 24701 | Gauntlet | Found a transporter.
 24701 | Gauntlet | Found a runed translucent gate.
 24702 | Gauntlet | Found a runed translucent gate.
 24711 | Gauntlet | Found a transporter.
 24714 | Gauntlet | Identified the cursed +0 hat of Doomed Tender Moments
                  | {rPois Stlth+}
 24716 | Gauntlet | Found a transporter.
 24746 | Gauntlet | Identified the ring "Qibaimnu" {rPois rN+ Stlth+}
 24751 | Gauntlet | Found a transporter.
 24752 | Gauntlet | Identified the cursed +0 falchion "Jaitov" {vorpal, rF+ rN+
                  | Dex-2 Stlth+}
 24762 | Gauntlet | Found a transporter.
 25769 | Lair:6   | Reached skill level 10 in Evocations
 26751 | Lair:6   | Learned a level 4 spell: Petrify
 27079 | Lair:6   | Reached skill level 1 in Transmutations
 27102 | Lair:6   | Identified the ring "Panibb" {rElec rC+ AC+4}
 27649 | Orc:1    | Entered Level 1 of the Orcish Mines
 27654 | D:10     | Acquired the cursed amulet of Kikh {Acrobat Str-3 Int+3
                  | Slay+4}
 28117 | Orc:2    | Entered Level 2 of the Orcish Mines
 28153 | Orc:2    | Reached ****** piety under Ashenzari
 28323 | Orc:2    | Found Joosot's Antique Armour Shop.
 28333 | Orc:2    | Bought a scorched helmet for 256 gold pieces
 28333 | Orc:2    | Identified the +1 helmet of Claustrophobia {rElec Int+3
                  | Stlth-} (You bought it in a shop on level 2 of the Orcish
                  | Mines)
 28399 | Orc:2    | Found a staircase to the Elven Halls.
 28410 | Orc:2    | Noticed an orc warlord
 28435 | Orc:2    | Killed an orc warlord
 29991 | Orc:2    | Found Caokle's Antique Weapon Shop.
 30063 | Orc:2    | Reached skill level 14 in Dodging
 30273 | Orc:2    | Found Pehar's Book Shoppe.
 30290 | Orc:2    | Found Tonwaepn's General Store.
 30851 | Swamp:1  | Entered Level 1 of the Swamp
 31061 | Swamp:1  | Reached skill level 5 in Transmutations
 31441 | Swamp:1  | Reached XP level 16. HP: 82/122 MP: 16/16
 31673 | Swamp:1  | Reached skill level 10 in Fighting
 31907 | Swamp:2  | Found a hazy altar of Hepliaklqana.
 32118 | Swamp:2  | Reached skill level 1 in Spellcasting
 32806 | Swamp:3  | Noticed Bai Suzhen
 32855 | Swamp:3  | Killed Bai Suzhen
 33153 | Swamp:3  | Noticed Donald
 33188 | Swamp:3  | Killed Donald
 33969 | Swamp:4  | Entered Level 4 of the Swamp
 34508 | Swamp:4  | Killed from afar by a lindwurm

Illustrated notes

Levels and vault maps discovered:
D:1:      dpeg_arrival_radiant, layout_loops_ring, hangedman_glass_teeth,
          minmay_misc_feat_chi, minmay_tromino_v2
D:2:      layout_loops_corners, chequers_ecumenical_altar_simple_redux
D:3:      layout_rooms, overflow_temple_1_default, serial_bayou_pond_a,
          uniq_natasha
D:4:      layout_basic, minmay_temple_entry_antechambers, serial_shops,
          nicolae_shop_crystal, minmay_misc_feat_four_crosses, uniq_robin,
          uniq_menkaure
D:5:      layout_loops_corners, gammafunk_temple_overflow_arena, minitemple,
          serial_shops, nicolae_shop_overgrown_old_shop
D:6:      layout_layer_cave, hangedman_abyss_or_decor_passed, uniq_maggie,
          uniq_duvessa
D:7:      layout_rooms
D:8:      layout_basic, lemuel_doored_altar, due_lair_maze_entry_diamond,
          nicolae_ossuary_entry_monument
D:9:      layout_irregular_city, uniq_joseph
D:10:     layout_cave_pods, david_orc_3
D:11:     layout_loops_cross, uniq_fannar
D:12:     layout_gridville, serial_shops, nicolae_shop_stone, uniq_sonja
D:13:     layout_layer_cave, gammafunk_ghost_hydra_chop, minmay_checkerbox
D:14:     layout_basic, hangedman_vaults_entry_quadrant_bands,
          dk_noncrumbling_2, uniq_azrael, uniq_kirke
D:15:     gammafunk_enter_depths_forms, layout_long_grid,
          chequers_serial_rivers_marsh, minivault_11
Temple:   eino_temple_rhombus
Lair:1:   layout_loops_ring, serial_bayou_shore_b
Lair:2:   regret_index_wax_grids, layout_gridlike, minmay_swamp_entry_reptiles,
          lemuel_fruit_tree, uniq_urug
Lair:3:   layout_cave_shapes, lemuel_fruit_fields
Lair:4:   layout_loops_ring, guppyfry_snake_entry_island, serial_bayou_shore_a,
          lemuel_fruit_fields
Lair:5:   layout_hall_layers, minmay_slime_entry_oklob_enclosed, uniq_josephine
Lair:6:   due_jungle_book, layout_cave_pods, gauntlet_entry_generic,
          grunt_megastairs_4
Swamp:1:  layout_falls_marsh, evilmike_swamp_ruin_house_5
Swamp:2:  layout_basic_swamp, lemuel_altar_in_water, swamp_pool1, st_swamp_mini
Swamp:3:  layout_basic_swamp, nicolae_swamp_stair_fork, uniq_donald,
          uniq_bai_suzhen
Swamp:4:  swamp_alternative, layout_basic_swamp
Orc:1:    nicolae_orc_accident_3, layout_diamond_mine
Orc:2:    grunt_orc_gardens, layout_caves, grunt_orc_garden, grunt_orc_garden,
          grunt_orc_garden, grunt_orc_garden

Skill      XL: |  1  2  3  4  5  6  7  8  9 10 11 12 13 14 15 16 |
---------------+-------------------------------------------------+-----
Fighting       | 2 3 5 6 8 9 10 | 10.0
Throwing       | 2 |  2.0
Stealth        | 2 3 5 6 8 10 11 | 11.3
Dodging        | 4 5 6 7 8 9 10 11 12 14 | 14.8
Long Blades    | 4 5 6 7 9 10 11 12 13 | 13.9
Armour         | 1 2 3 5 6 7 9 10 | 10.0
Hexes          | 2 4 5 7 10 | 10.6
Shields        | 1 4 |  4.6
Evocations     | 3 6 8 9 10 | 10.0
Transmutations | 5 7 |  7.4
Spellcasting   | 4 |  4.0

Action                   |  1- 3 |  4- 6 |  7- 9 | 10-12 | 13-15 | 16-18 || total
-------------------------+-------+-------+-------+-------+-------+-------++-------
Melee: Long sword        |    85 |     7 |    22 |       |       |       ||   114
       Bite              |     8 |    17 |    82 |   127 |   329 |    72 ||   635
       Dagger            |     9 |   163 |   367 |       |       |       ||   539
       Scimitar          |       |       |    49 |   754 |  1779 |   424 ||  3006
Throw: Throwing net      |       |       |     1 |     3 |     1 |       ||     5
 Cast: Tukima's Dance    |       |       |       |       |    18 |       ||    18
       Petrify           |       |       |       |       |       |     4 ||     4
Invok: Curse Item        |       |       |     1 |     1 |     3 |       ||     5
Evoke: Wand              |       |       |       |     6 |    20 |     9 ||    35
       Lightning rod     |       |       |       |       |       |     4 ||     4
       Box of beasts     |       |       |       |       |       |     3 ||     3
       Phial of floods   |       |       |       |       |       |     1 ||     1
  Use: Potion            |     1 |     2 |     3 |     3 |     3 |     1 ||    13
       Scroll            |       |     6 |    11 |    11 |    17 |     2 ||    47
 Stab: Sleeping          |       |     5 |     8 |    36 |    33 |     4 ||    86
       Held in net/web   |       |       |     2 |     1 |       |       ||     3
       Distracted        |       |       |       |     1 |     4 |     5 ||    10
       Confused          |       |       |       |       |     1 |       ||     1
       Fleeing           |       |       |       |       |     1 |       ||     1
       Petrified         |       |       |       |       |       |    19 ||    19
       Paralysed         |       |       |       |       |       |     2 ||     2
Armor: Leather armour    |    17 |       |       |       |       |       ||    17
       Ring mail         |    18 |    43 |   108 |   102 |       |       ||   271
       Skin              |       |     6 |       |       |       |       ||     6
       Swamp dragon scal |       |       |       |   149 |   361 |    94 ||   604
Dodge: Dodged            |    91 |    92 |   255 |   705 |  1191 |   405 ||  2739
Block: Buckler           |       |       |       |    13 |   778 |   289 ||  1080
       Reflection        |       |       |       |       |    10 |     2 ||    12
       Rpst.: Long sword |    30 |       |     4 |       |       |       ||    34
       Scimitar          |       |       |     9 |   183 |   308 |    70 ||   570

Table legend: (Time is in decaauts)
 A = Elapsed time spent in this place.
 B = Non-inter-level travel time spent in this place.
 C = Inter-level travel time spent in this place.
 D = Time resting spent in this place.
 E = Time spent auto-exploring this place.
 F = Levels seen in this place.
 G = Mean time per level.
                   A        B        C        D        E       F      G
               +--------+--------+--------+--------+--------+-----+--------+
         Total |  33960 |  32331 |   1629 |   8605 |  14983 |  30 | 1132.0 |
       Dungeon |  19085 |  18316 |    769 |   4938 |   8912 |  15 | 1272.3 |
        Temple |    154 |    146 |      8 |      0 |      0 |   1 |  154.0 |
          Lair |   7352 |   6747 |    605 |   1293 |   3707 |   6 | 1225.3 |
         Swamp |   3687 |   3616 |     71 |   1092 |   1609 |   4 |  921.8 |
  Orcish Mines |   2794 |   2619 |    175 |   1165 |    580 |   2 | 1397.0 |
       Ossuary |    407 |    407 |      0 |    101 |     33 |   1 |  407.0 |
      Gauntlet |    479 |    479 |      0 |     16 |    141 |   1 |  479.0 |
               +--------+--------+--------+--------+--------+-----+--------+

Top non-repeatable levels by time:
    D:14: 2400 daAuts
  Lair:6: 2297 daAuts
    D:13: 2170 daAuts
     D:6: 2020 daAuts
   Orc:2: 1550 daAuts
    D:12: 1450 daAuts
  Lair:2: 1371 daAuts
    D:11: 1338 daAuts
 Swamp:3: 1322 daAuts
   Orc:1: 1243 daAuts
     D:2: 1232 daAuts
     D:5: 1230 daAuts
  Lair:1: 1201 daAuts
     D:8: 1188 daAuts
    D:10: 1086 daAuts
